 Dungeon Crawl Stone Soup version 0.31-a0-1598-g94871bc2e8 (webtiles) character file.

Game seed: 14813671523888187084

51 wilk the Grave Robber (level 3, -2/19 HPs)
             Began as a Deep Elf Necromancer on Jan 7, 2024.
             Slain by Sigmund
             ... wielding a +0 scythe
              (12 damage)
             ... on level 2 of the Dungeon.
             The game lasted 00:15:52 (1279 turns).

wilk the Grave Robber (Deep Elf Necromancer)        Turns: 1279, Time: 00:15:53

Health: -2/19      AC:  2    Str:  5    XL:     3   Next: 57%
Magic:  2/10       EV: 12    Int: 21    God:
Gold:   61         SH:  0    Dex: 15    Spells: 9/10 levels left

rFire   . . .        (no weapon)
rCold   . . .        (no shield)
rNeg    . . .        a - +0 robe
rPois   .            (no helmet)
rElec   .            (no cloak)
rCorr   .            (no gloves)
SInv    .            (no boots)
Will    .....        (no amulet)
Stlth   ++           (no ring)
HPRegen 0.23/turn    (no ring)
MPRegen 0.12/turn

%: no passive effects
@: no status effects
A: no striking features
a: no special abilities


You were on level 2 of the Dungeon.
You visited 1 branch of the dungeon, and saw 2 of its levels.

You collected 61 gold pieces.

Inventory:

Armour
 a - a +0 robe (worn)
Jewellery
 h - a +4 ring of slaying
Scrolls
 d - a scroll of poison {unknown}
 e - a scroll of acquirement {unknown}
 f - a scroll of revelation {unknown}
 i - a scroll of identify {unknown}
Potions
 b - a potion of magic
 c - a potion of curing {unknown}
 g - a potion of heal wounds {unknown}


   Skills:
 + Level 2.6 Dodging
 + Level 2.6 Stealth
 + Level 4.0 Spellcasting
 + Level 5.8 Necromancy


You had 9 spell levels left.
You knew the following spells:

 Your Spells              Type           Power      Damage    Failure   Level
a - Necrotise             Necr           100%       1d9       1%          1

Your spell library contained the following spells:

 Spells                   Type           Power      Damage    Failure   Level
 Vampiric Draining        Necr           28%        2d8       3%          3
 Animate Dead             Necr           28%        N/A       11%         4
 Mercury Vapours          Alch/Air       8%         N/A       19%         2
 Curse of Agony           Necr           28%        N/A       30%         5
 Hailstorm                Conj/Ice       4%         3d5       34%         3
 Mephitic Cloud           Conj/Alch/Air  4%         N/A       34%         3
 Summon Ice Beast         Ice/Summ       4%         N/A       34%         3
 Volatile Blastmotes      Fire/Tloc      8%         2d10      34%         3
 Fulminant Prism          Conj/Alch      2%         3d5       75%         4
 Iskenderun's Mystic Bla  Conj/Tloc      4%         2d3       75%         4
 Freezing Cloud           Conj/Ice/Air   2%         6-21      97%         5
 Sculpt Simulacrum        Ice/Alch       2%         N/A       100%        6


Dungeon Overview and Level Annotations

Branches:
Dungeon (2/15)

Altars:

Annotations:
D:2 Robin, Sigmund


Message History

The dead are walking!
A goblin comes into view. It is wielding a +0 club.
Your goblin skeleton hits Sigmund but does no damage.
Sigmund hits your goblin skeleton with a +0 scythe.
Things that are here:
a +0 club; a +0 sling
Aiming: Necrotise (safe; 1% risk of failure)
Press: ? - help, Q - select action Shift-Dir - straight line, f - Sigmund
Aim: Sigmund, wielding a +0 scythe and wearing a +0 robe (ally target, chance to affect: 88%)
Your goblin skeleton is unaffected.
A hobgoblin comes into view.
Aiming: Necrotise (safe; 1% risk of failure)
Press: ? - help, Q - select action Shift-Dir - straight line, f/p - Sigmund
Aim: Sigmund, wielding a +0 scythe and wearing a +0 robe (ally target, chance to affect: 88%)
Okay, then.
Sigmund hits your goblin skeleton with a +0 scythe.
Your goblin skeleton hits Sigmund but does no damage.
A goblin comes into view. It is wielding a +0 club.
The goblin shouts!
Your goblin skeleton hits Sigmund but does no damage.
You see here a +0 club.
You swap places.
A goblin comes into view. It is wielding a +0 dagger.
Aiming: Necrotise (safe; 1% risk of failure)
Press: ? - help, Q - select action Shift-Dir - straight line, f/p - Sigmund
Aim: Sigmund, wielding a +0 scythe and wearing a +0 robe (ally target, chance to affect: 88%) Sigmund barely resists.
Sigmund hits you from afar with a +0 scythe!
Robin hits your goblin skeleton with a +0 spear.
Your goblin skeleton is destroyed!
Aiming: Necrotise (safe; 1% risk of failure)
Press: ? - help, Q - select action Shift-Dir - straight line, f/p - Sigmund
Aim: Sigmund, wielding a +0 scythe and wearing a +0 robe (ally target, chance to affect: 88%) Sigmund writhes in agony.
The hobgoblin no longer looks unusually strong.
Robin flexes a bicep menacingly.
Sigmund hits you from afar with a +0 scythe!
Ouch! That really hurt!
You die...
Sigmund begins carving another notch in his scythe.

##### #### ##...##...
##.....#.# ####
##........####
###...##.............
.................##
#...#......)@..# #
#.......).Z@# #.
##.......Z#ggg)g. #.
##.##...######g#
##.#### #.######
......# #.# .#.#..#
##'## .#....###...##
.##...##.....##


You could see Sigmund (ally target), Robin, a hobgoblin, 2 goblins and 2
friendly goblin skeletons.

Vanquished Creatures
  A ribbon worm (D:2)
  2 ball pythons (D:1)
  An endoplasm (D:1)
  10 goblins
  6 hobgoblins
  6 jackals (D:1)
  A quokka (D:1)
  3 bats (D:1)
  2 kobolds (D:1)
  3 rats (D:1)
35 creatures vanquished.

Vanquished Creatures (collateral kills)
  A dart slug (D:1)
  An endoplasm (D:1)
  A goblin (D:1)
3 creatures vanquished.

Grand Total: 38 creatures vanquished

Notes
Turn   | Place    | Note
-------+----------+-------------------------------------------
     0 | D:1      | wilk the Deep Elf Necromancer began the quest for the Orb.
     0 | D:1      | Reached XP level 1. HP: 10/10 MP: 6/6
    13 | D:1      | Reached skill level 5 in Necromancy
    72 | D:1      | Reached XP level 2. HP: 15/15 MP: 4/8
   275 | D:1      | Reached XP level 3. HP: 13/19 MP: 1/10
  1264 | D:2      | Noticed Robin
  1270 | D:2      | Noticed Sigmund
  1279 | D:2      | Slain by Sigmund

Illustrated notes

Levels and vault maps discovered:
D:1:      lightli_molten_gateway, layout_loops_ring, amcnicky_mini_pool_small,
          hangedman_decor_diamond_cutter
D:2:      layout_loops_corners, hellmonk_ecumenical_altar_crossroads,
          uniq_sigmund, uniq_robin

Skill      XL: |  1  2  3 |
---------------+----------+-----
Necromancy     | 5 |  5.8
Spellcasting   | 4 |  4.0
Dodging        | |  2.6
Stealth        | |  2.6

Action                     || total
---------------------------++-------
  Melee: Unarmed           ||     7
   Cast: Necrotise         ||    61
 Armour: Robe              ||    26
  Dodge: Dodged            ||    27

Table legend: (Time is in decaauts)
 A = Elapsed time spent in this place.
 B = Non-inter-level travel time spent in this place.
 C = Inter-level travel time spent in this place.
 D = Time resting spent in this place.
 E = Time spent auto-exploring this place.
 F = Levels seen in this place.
 G = Mean time per level.
                   A        B        C        D        E       F      G
               +--------+--------+--------+--------+--------+-----+--------+
         Total |   1278 |    274 |   1004 |     61 |      0 |   2 |  639.0 |
       Dungeon |   1278 |    274 |   1004 |     61 |      0 |   2 |  639.0 |
               +--------+--------+--------+--------+--------+-----+--------+

Top non-repeatable levels by time:
     D:1: 834 daAuts
     D:2: 444 daAuts
